 Dungeon Crawl Stone Soup version 0.29-a0-275-g389c0b56f3 (webtiles) character file.

Game seed: 1465797859187390657

6547 epen the Frost Mage (level 11, -7/100 HPs)
             Began as a Naga Ice Elementalist on Mar 11, 2022.
             Was a Priest of Makhleb.
             Collided with a translucent stone wall (13 damage)
             ... caused by a wretched star
             ... in a Gauntlet.
             The game lasted 00:23:59 (12022 turns).

epen the Frost Mage (Naga Ice Elementalist)        Turns: 12022, Time: 00:24:00

Health: -7/100     AC:  9    Str: 10    XL:     11   Next: 1%
Magic:  10/21      EV: 10    Int: 20    God:    Makhleb [***...]
Gold:   390        SH:  0    Dex: 12    Spells: 15/24 levels left

rFire   . . .      SeeInvis +   h - +1 spear (drain)
rCold   . . .      Faith    .   (no shield)
rNeg    . . .      Spirit   .   a - +0 robe
rPois   +          Reflect  .   F - +0 hat {SInv}
rElec   .          Harm     .   o - +0 cloak
rCorr   +          Rampage  .   (no gloves)
Will    +....      NoTele   +   j - +0 barding
Stlth   ++........              (no amulet)
HPRegen 0.26/turn               n - ring of wizardry
MPRegen 0.17/turn               y - ring of resist corrosion

@: freezing walls, very slow
A: AC +3, large, see invisible, deformed body, poison resistance, slowness 2,
spit poison 1, naga tail 1
a: Spit Poison, Renounce Religion, Minor Destruction, Lesser Servant of Makhleb


You were in a Gauntlet.
You worshipped Makhleb.
Makhleb was most pleased with you.
You visited 1 branch of the dungeon, and saw 9 of its levels.
You also visited: Sewer and Gauntlet.

You collected 426 gold pieces.
You spent 36 gold pieces at shops.

Inventory:

Hand Weapons
 h - a +1 spear of draining (weapon)
 B - a +4 dagger of venom
Missiles
 D - a throwing net
Armour
 a - a +0 robe (worn)
 j - a +0 barding (worn)
 o - a +0 cloak (worn)
 F - a +0 hat of see invisible (worn)
Jewellery
 n - a ring of wizardry (left hand)
 y - a ring of resist corrosion (right hand)
Wands
 d - a wand of digging (7)
 r - a wand of paralysis (14)
 s - a wand of charming (2)
 v - a wand of acid (8)
Scrolls
 f - a scroll of blinking
 g - 2 scrolls of amnesia
 u - a scroll of fog
 x - 2 scrolls of teleportation
 z - a scroll of brand weapon
 A - a scroll of summoning
 C - a scroll of fear
 E - a scroll of magic mapping
Potions
 b - 2 potions of magic
 c - 3 potions of flight
 e - 7 potions of curing
 i - a potion of attraction
 k - 2 potions of heal wounds {unknown}
 l - a potion of degeneration
 m - 2 potions of brilliance {unknown}
 p - 3 potions of lignification
 q - a potion of resistance {unknown}
 t - a potion of cancellation {unknown}
 w - a potion of haste {unknown}


   Skills:
 + Level 7.2 Fighting
 + Level 4.6 Polearms
 + Level 6.4 Dodging
 - Level 3.0 Stealth
 + Level 7.1 Spellcasting
 + Level 8.5 Ice Magic
 + Level 5.3 Invocations


You had 15 spell levels left.
You knew the following spells:

 Your Spells              Type           Power      Damage    Failure   Level
a - Freeze                Ice            100%       1d11      1%          1
b - Frozen Ramparts       Ice            82%        1d10      1%          3
c - Ozocubu's Armour      Ice            41%        N/A       1%          3
d - Ensorcelled Hibernat  Hex/Ice        48%        N/A       1%          2

Your spell library contained the following spells:

 Spells                   Type           Power      Damage    Failure   Level
 Pain                     Necr           28%        1d5       4%          1
 Hailstorm                Conj/Ice       24%        3d7       6%          4
 Spider Form              Tmut/Pois      7%         N/A       12%         3
 Anguish                  Hex/Necr       3%         N/A       34%         4
 Agony                    Necr           7%         N/A       67%         5
 Excruciating Wounds      Necr           3%         N/A       67%         5


Dungeon Overview and Level Annotations

Branches:
Dungeon (8/15)             Temple (0/1) D:5           Sewer (visited)
Gauntlet (1/1)
   Lair: D:8-11

Altars:
Fedhas
Makhleb
Sif Muna
Xom

Shops:
D:6 ?

Annotations:
Gauntlet 9 transporters, 3 runed translucent doors


Innate Abilities, Weirdness & Mutations

Your serpentine skin is tough. (AC +3)
You have supernaturally acute eyesight. (SInv)
Armour fits poorly on your strangely shaped body.
Your system is resistant to poisons. (rPois)
You cover ground very slowly.
You can spit poison.
You have a snake-like lower body.


Message History

Aiming: Freeze (safe; 1% risk of failure)
Press: ? - help, Shift-Dir - straight line, f - wretched star
Aim: a wretched star (heavily damaged)
You freeze the wretched star.
The wretched star resists.
The wretched star is heavily damaged.
The wretched star resists.
The wall freezes the wretched star.
Casting: Freeze (safe; 1% risk of failure)
Confirm with . or Enter, or press ? or * to list all spells.
Aiming: Freeze (safe; 1% risk of failure)
Press: ? - help, Shift-Dir - straight line, f/p - wretched star
Aim: a wretched star (heavily damaged)
You freeze the wretched star.
The wretched star resists.
The wretched star is heavily damaged.
The wretched star resists.
The wall freezes the wretched star.
The wretched star glows turbulently.
The lance of force hits you!
You are knocked back by the lance of force.
You slam into the translucent stone wall!
Casting: Freeze (safe; 1% risk of failure)
Confirm with . or Enter, or press ? or * to list all spells.
Aiming: Freeze (safe; 1% risk of failure)
Press: ? - help, Shift-Dir - straight line, f/p - wretched star
Aim: a wretched star (severely damaged)
You freeze the wretched star.
The wretched star resists.
The wretched star is severely damaged.
The wretched star resists.
The wall freezes the wretched star.
Casting: Freeze (safe; 1% risk of failure)
Confirm with . or Enter, or press ? or * to list all spells.
Aiming: Freeze (safe; 1% risk of failure)
Press: ? - help, Shift-Dir - straight line, f/p - wretched star
Aim: a wretched star (severely damaged)
You freeze the wretched star.
The wretched star resists.
The wretched star is severely damaged.
The wretched star resists.
The wall freezes the wretched star.
The wretched star glows turbulently.
The lance of force hits you!!
* * * LOW HITPOINT WARNING * * *
You are knocked back by the lance of force.
You slam into the translucent stone wall!
You die...

#≈#≈#§#..#.#######.#..#§#≈#≈
###........#.........#...§§...
#§.........#....©....#..§.....
###..#########################.
#≈...#...........©...........#.
###...#.©.........©.........©.#.
#≈..############################
##..#..#.#..#.#.*....^#.###x..##
#≈..#.#.#.#w#.#@#####.#.###...##
##..#Y#.#.#.#.#.'...+.#.#*.##+..
#≈..#..#©#..#.#.#.©.#.#.#3.#©#..
##..#.#Y#.#.#.#.#≈≈≈#.#.#x!+##..
#≈..#.#.#.#.#.#.#####.#.###[."##
##..#$(#©#.[#.#^."©=!.#.####©###
#§..#########.#########.########
##..............................
#≈..............8.∩.8...........


You could see a wretched star and a torpor snail.

Vanquished Creatures
  A two-headed ogre (D:11)
  2 wizards (Gauntlet)
  A hornet (D:5)
  A large abomination (Gauntlet)
  2 neqoxecs (Gauntlet)
  A steam dragon (D:6)
  4 small abominations (Gauntlet)
  3 water moccasins
  Duvessa (D:5)
  2 sky beasts
  5 ogres
  A black bear (D:5)
  3 orc warriors (D:5)
  2 centaurs
  3 phantoms
  A kobold brigand (Sewer)
  A gnoll sergeant (D:7)
  3 scorpions
  3 bullfrogs
  Dowan (D:5)
  4 killer bees (D:5)
  A howler monkey (D:4)
  Crazy Yiuf (D:3)
  A gnoll shaman (D:7)
  3 hounds
  5 orc priests
  4 iguanas
  Terence (D:3)
  9 orc wizards
  Ijyb (D:4)
  Robin (D:3)
  13 gnolls
  13 adders
  7 river rats
  5 shadow imps
  5 white imps
  A worm (D:2)
  4 dart slugs
  19 orcs
  14 ball pythons
  6 endoplasms
  7 giant cockroaches
  17 goblins
  11 hobgoblins
  3 jackals (Sewer)
  9 kobolds
  A quokka (D:4)
  2 bats (D:2)
  12 frilled lizards
  10 rats
231 creatures vanquished.

Vanquished Creatures (collateral kills)
  A killer bee (D:5)
1 creature vanquished.

Vanquished Creatures (others)
  A white imp (Gauntlet)
  A fungus (Gauntlet)
  11 plants
  3 toadstools (D:1)
16 creatures vanquished.

Grand Total: 248 creatures vanquished

Notes
Turn   | Place    | Note
-------+----------+-------------------------------------------
     0 | D:1      | epen the Naga Ice Elementalist began the quest for the Orb.
     0 | D:1      | Reached XP level 1. HP: 15/15 MP: 3/3
   416 | D:1      | Reached XP level 2. HP: 21/24 MP: 1/5
  1112 | D:1      | Reached skill level 1 in Fighting
  1302 | D:2      | Reached XP level 3. HP: 28/31 MP: 3/6
  1338 | D:2      | Learned a level 3 spell: Frozen Ramparts
  1562 | D:2      | Noticed a floating eye
  1564 | D:2      | Found a faded altar of an unknown god.
  1583 | D:2      | Noticed a golden eye
  1713 | D:2      | Noticed a floating eye
  1719 | D:2      | Noticed a floating eye
  1889 | D:2      | Found a blossoming altar of Fedhas.
  2420 | D:3      | Reached XP level 4. HP: 38/38 MP: 3/7
  2534 | D:3      | Noticed Robin
  2547 | D:3      | Killed Robin
  2548 | D:3      | Reached XP level 5. HP: 19/45 MP: 2/9
  2724 | D:3      | Learned a level 3 spell: Ozocubu's Armour
  3005 | D:3      | Reached XP level 6. HP: 51/55 MP: 6/10
  3006 | D:3      | Reached skill level 5 in Ice Magic
  3325 | D:3      | Noticed Terence
  3335 | D:3      | Killed Terence
  3404 | D:3      | Found a runed translucent door.
  3405 | D:3      | Noticed Crazy Yiuf
  3515 | D:3      | Killed Crazy Yiuf
  3728 | D:4      | Reached XP level 7. HP: 44/62 MP: 9/12
  4402 | D:4      | Learned a level 2 spell: Ensorcelled Hibernation
  4427 | D:4      | Noticed Ijyb
  4455 | D:4      | Killed Ijyb
  4826 | D:4      | Found a shimmering blue altar of Sif Muna.
  4838 | D:4      | Found a burning altar of Makhleb.
  4957 | D:4      | Became a worshipper of Makhleb the Destroyer
  5018 | D:5      | Entered Level 5 of the Dungeon
  5034 | D:5      | Reached XP level 8. HP: 29/72 MP: 8/14
  5043 | D:5      | Reached skill level 6 in Ice Magic
  5163 | D:5      | Found a glowing drain.
  5175 | Sewer    | Entered a sewer
  5364 | Sewer    | Reached * piety under Makhleb
  6465 | D:5      | Reached skill level 5 in Spellcasting
  6709 | D:5      | Noticed a hornet
  6718 | D:5      | Killed a hornet
  6719 | D:5      | Reached skill level 5 in Fighting
  7216 | D:5      | Reached skill level 1 in Invocations
  7216 | D:5      | Reached XP level 9. HP: 43/81 MP: 12/17
  7581 | D:5      | Reached skill level 5 in Dodging
  7590 | D:5      | Reached skill level 7 in Ice Magic
  7841 | D:5      | Noticed Duvessa
  7841 | D:5      | Noticed Dowan
  7850 | D:5      | Killed Duvessa
  7851 | D:5      | Killed Dowan
  7852 | D:5      | Reached skill level 1 in Polearms
  7924 | D:5      | Found a staircase to the Ecumenical Temple.
  8202 | D:6      | Reached ** piety under Makhleb
  8760 | D:6      | Found Tumomnej's Magic Scroll Shop.
  8832 | D:6      | Bought a scroll of teleportation for 36 gold pieces
  9227 | D:6      | Reached XP level 10. HP: 54/91 MP: 16/19
 10254 | D:7      | Reached *** piety under Makhleb
 10971 | D:8      | Found a shimmering altar of Xom.
 10995 | D:8      | You fall into a shaft and drop 3 floors!
 10996 | D:11     | Noticed a two-headed ogre
 11008 | D:11     | Killed a two-headed ogre
 11009 | D:11     | Reached skill level 8 in Ice Magic
 11022 | D:11     | Found a gate leading to a gauntlet.
 11034 | Gauntlet | Entered a Gauntlet
 11034 | Gauntlet | Found a transporter.
 11034 | Gauntlet | Found a transporter.
 11129 | Gauntlet | Noticed a worldbinder
 11132 | Gauntlet | Found a transporter.
 11146 | Gauntlet | Found a transporter.
 11159 | Gauntlet | Noticed a wizard
 11160 | Gauntlet | Noticed a wizard
 11163 | Gauntlet | Found a transporter.
 11163 | Gauntlet | Found a transporter.
 11165 | Gauntlet | Found a transporter.
 11166 | Gauntlet | Found a transporter.
 11166 | Gauntlet | Found a transporter.
 11169 | Gauntlet | Noticed a wretched star
 11170 | Gauntlet | Found a runed translucent door.
 11170 | Gauntlet | Found a runed translucent door.
 11175 | Gauntlet | Found a runed translucent door.
 11177 | Gauntlet | Found a transporter.
 11193 | Gauntlet | Found a transporter.
 11193 | Gauntlet | Noticed a wretched star
 11195 | Gauntlet | Found a runed translucent door.
 11202 | Gauntlet | Noticed a torpor snail
 11203 | Gauntlet | Found a transporter.
 11206 | Gauntlet | Noticed a death yak
 11206 | Gauntlet | Noticed a death yak
 11208 | Gauntlet | Noticed a death yak
 11208 | Gauntlet | Noticed a death yak
 11208 | Gauntlet | Noticed a death yak
 11210 | Gauntlet | Noticed a death yak
 11217 | Gauntlet | Found a transporter.
 11236 | Gauntlet | Found a transporter.
 11706 | Gauntlet | Killed a wizard
 11707 | Gauntlet | Reached skill level 5 in Invocations
 11725 | Gauntlet | Killed a wizard
 12011 | Gauntlet | Reached XP level 11. HP: 95/100 MP: 17/21
 12022 | Gauntlet | Collided with a translucent stone wall

Illustrated notes

Levels and vault maps discovered:
D:1:      minmay_arrival_wavy_path, layout_loops_ring, minmay_gold_behind_fungi
D:2:      wad_pebble_path, layout_loops_corners, basic_altar,
          hellmonk_ecumenical_altar_watching_god
D:3:      layout_basic, minmay_fractal_squares_gapless_5,
          uniq_crazy_yiuf_cottage, uniq_terence, uniq_robin
D:4:      layout_cave_pods, amethyst_overflow_temple_binary, uniq_ijyb
D:5:      layout_loops_ring, minmay_temple_entry_enclosed_plants,
          portal_sewer_entry_e, uniq_duvessa
D:6:      layout_rooms, serial_shops, nicolae_shop_crystal
D:7:      layout_loops_ring, chequers_avenue
D:8:      layout_loops_cross, mainiacjoe_overflow_catwalk_spiral,
          vehumet_statue, enter_ossuary_1
D:11:     layout_loops_ring, gauntlet_entry_generic, nicolae_take_the_stairs,
          feat_on_display
Gauntlet: gammafunk_gauntlet_mixed_choke_point [minmay_gauntlet_arena_77_fan,
          minmay_gauntlet_arena_77_museum,
          minmay_gauntlet_arena_77_broken_ladder,
          gammafunk_gauntlet_arena_teeth, minmay_gauntlet_arena_77_braids,
          minmay_gauntlet_arena_77_shame_cube, minmay_gauntlet_arena_77_cramped,
          gauntlet_exit_watery]

Skill      XL: |  1  2  3  4  5  6  7  8  9 10 |
---------------+-------------------------------+-----
Fighting       | 1 2 3 4 5 6 7 |  7.2
Dodging        | 2 3 4 5 6 |  6.4
Spellcasting   | 3 4 5 6 7 |  7.1
Ice Magic      | 5 6 7 8 |  8.5
Invocations    | 1 3 5 |  5.3
Polearms       | 2 4 |  4.6
Stealth        | |  3.0

Action                   |  1- 3 |  4- 6 |  7- 9 | 10-12 || total
-------------------------+-------+-------+-------+-------++-------
Melee: Unarmed           |    13 |       |       |       ||    13
       Spear             |    76 |    73 |   380 |   197 ||   726
       Punch             |     1 |     1 |     2 |       ||     4
 Cast: Freeze            |    28 |     5 |    19 |    13 ||    65
       Frozen Ramparts   |     2 |    10 |    44 |    20 ||    76
       Ensorcelled Hiber |       |       |     2 |       ||     2
       Ozocubu's Armour  |       |       |     5 |     1 ||     6
 Abil: Spit Poison       |     2 |     2 |     2 |       ||     6
  Use: Scroll            |       |       |    15 |     3 ||    18
       Potion            |       |       |     2 |       ||     2
 Stab: Sleeping          |     9 |     2 |     8 |     2 ||    21
       Distracted        |       |       |     1 |       ||     1
Armor: Robe              |    35 |    28 |   195 |    77 ||   335
Dodge: Dodged            |    41 |    30 |   172 |    86 ||   329

Table legend: (Time is in decaauts)
 A = Elapsed time spent in this place.
 B = Non-inter-level travel time spent in this place.
 C = Inter-level travel time spent in this place.
 D = Time resting spent in this place.
 E = Time spent auto-exploring this place.
 F = Levels seen in this place.
 G = Mean time per level.
                   A        B        C        D        E       F      G
               +--------+--------+--------+--------+--------+-----+--------+
         Total |  14318 |  13899 |    419 |   2454 |   8617 |  11 | 1301.6 |
       Dungeon |  11777 |  11358 |    419 |   1849 |   7584 |   9 | 1308.6 |
         Sewer |   1445 |   1445 |      0 |     36 |   1032 |   1 | 1445.0 |
      Gauntlet |   1095 |   1095 |      0 |    569 |      0 |   1 | 1095.0 |
               +--------+--------+--------+--------+--------+-----+--------+

Top non-repeatable levels by time:
     D:5: 2627 daAuts
     D:7: 1755 daAuts
     D:4: 1601 daAuts
     D:3: 1591 daAuts
     D:1: 1552 daAuts
   Sewer: 1445 daAuts
     D:2: 1371 daAuts
     D:6: 1178 daAuts
Gauntlet: 1095 daAuts
     D:8: 53 daAuts
    D:11: 45 daAuts
